 Dungeon Crawl Stone Soup version 0.28.0-1-gb440e238dd (webtiles) character file.

Game seed: 10494460727334516014

140 Kaptain the Digger (level 5, -2/30 HPs)
             Began as a Gargoyle Earth Elementalist on Feb 24, 2022.
             Slain by an orc priest (5 damage)
             ... on level 4 of the Dungeon.
             The game lasted 00:05:03 (3541 turns).

Kaptain the Digger (Gargoyle Earth Elementalist)    Turns: 3541, Time: 00:05:04

Health: -2/30      AC:  9    Str: 12    XL:     5   Next: 22%
Magic:  16/18      EV: 12    Int: 17    God:
Gold:   139        SH:  0    Dex: 10    Spells: 5/9 levels left

rFire   . . .      SeeInvis .   k - +1 dagger (venom)
rCold   . . .      Faith    .   (no shield)
rNeg    + . .      Spirit   .   j - +1 robe {Will+}
rPois   ∞          Reflect  .   o - +0 helmet
rElec   +          Harm     .   n - +0 cloak
rCorr   .          Rampage  .   (no gloves)
Will    +....                   (no boots)
Stlth   ++........              (no amulet)
HPRegen 0.10/turn               q - ring of magical power
MPRegen 0.16/turn               (no ring)

@: no status effects
A: sickness immunity, AC +4, negative energy resistance 1, electricity
resistance, torment resistance 1, petrification resistance
a: no special abilities


You were on level 4 of the Dungeon.
You visited 2 branches of the dungeon, and saw 5 of its levels.

You collected 139 gold pieces.

Inventory:

Hand Weapons
 a - a +0 spear
 f - a +0 dagger
 k - a +1 dagger of venom (weapon)
 r - a +0 scimitar
Missiles
 c - 67 stones
 s - 37 sling bullets
Armour
 h - a +0 chain mail
 j - a +1 robe of willpower (worn)
 n - a +0 cloak (worn)
 o - a +0 helmet (worn)
 v - a +0 leather armour
Magical Staves
 b - a staff of cold
Jewellery
 q - a ring of magical power (left hand)
 u - a +4 ring of evasion
Scrolls
 d - 3 scrolls of amnesia {unknown}
 e - a scroll of fog {unknown}
 g - 4 scrolls of identify {unknown}
 t - a scroll of magic mapping {unknown}
Potions
 i - a potion of heal wounds {unknown}
 l - 2 potions of cancellation {unknown}
 m - 2 potions of curing {unknown}
 p - 2 potions of brilliance {unknown}
 w - a potion of berserk rage {unknown}


   Skills:
 * Level 2.2 Fighting
 + Level 1.3 Armour
 + Level 1.9 Dodging
 + Level 2.7 Stealth
 * Level 2.6 Spellcasting
 * Level 1.8 Conjurations
 - Level 0.7 Transmutations
 * Level 4.3 Earth Magic


You had 5 spell levels left.
You knew the following spells:

 Your Spells              Type           Power      Damage    Failure   Level
a - Sandblast             Erth           34%        2d9       3%          1
b - Stone Arrow           Conj/Erth      24%        3d8       16%         3

Your spell library contained the following spells:

 Spells                   Type           Power      Damage    Failure   Level
 Passwall                 Tmut/Erth      8%         N/A       10%         2
 Ozocubu's Armour         Ice            2%         N/A       47%         3
 Petrify                  Tmut/Erth      10%        N/A       54%         4
 Metabolic Englaciation   Hex/Ice        1%         N/A       99%         5
 Simulacrum               Ice/Necr       1%         N/A       100%        6


Dungeon Overview and Level Annotations

Branches:
Dungeon (4/15)             Temple (1/1) D:4

Altars:
Ashenzari
Cheibriados
Dithmenos
Elyvilon
Fedhas
Gozag
Hepliaklqana
Kikubaaqudgha
Makhleb
Nemelex Xobeh
Okawaru
Ru
Sif Muna
Trog
Uskayaw
Vehumet
Wu Jian
Xom
Yredelemnul
Zin
The Shining One


Innate Abilities, Weirdness & Mutations

You are immune to sickness and miasma.
Your stone body is resilient. (AC +4)
You are immune to poison.
You resist negative energy. (rN+)
You are resistant to electric shocks. (rElec)
You are resistant to unholy torment.
You are immune to petrification.


Message History

The orc shouts!
You hear a shout!
An orc priest comes into view. It is wielding a +0 flail.
The orc priest shouts!
The orc priest miscasts a cantrip.
The orc barely misses you.
You hit the orc but do no damage.
The orc is poisoned.
The orc hits you but does no damage. The orc hits you but does no damage.
The orc closely misses you.
You kill the orc!
You hit the orc.
The orc is lightly wounded.
The orc priest closely misses you. The orc closely misses you.
You hit the orc priest.
The orc priest is poisoned.
You punch the orc priest.
The orc priest is moderately wounded.
The orc priest hits you with a +0 flail.
The orc hits you but does no damage.
You hit the orc. Your punch misses the orc.
The orc is severely wounded.
The orc priest hits you with a +0 flail!
The orc hits you with a +0 flail!
Unknown command.
Casting: Sandblast (safe; 3% risk of failure)
Confirm with . or Enter, or press ? or * to list all spells.
Aiming: Sandblast (safe; 3% risk of failure)
Press: ? - help, Shift-Dir - straight line, f - orc
Aim: an orc, wielding a +0 flail (severely wounded, 79% to hit)
The blast of sand hits the orc!
You kill the orc!
The orc priest mumbles some strange prayers to Beogh against you.
Beogh smites you!
* * * LOW HITPOINT WARNING * * *
Casting: Sandblast (safe; 3% risk of failure)
Confirm with . or Enter, or press ? or * to list all spells.
Aiming: Sandblast (safe; 3% risk of failure)
Press: ? - help, Shift-Dir - straight line, f - orc priest
Aim: an orc priest, wielding a +0 flail (moderately wounded, very poisoned, 79% to hit)
The blast of sand hits the orc priest!
The orc priest is almost dead.
The orc priest hits you with a +0 flail.
You die...

.................#
###..##...##.....##
#.#..##...##..##..#
..................#
....###......#....#
##.####......#....#
##.###......####..##
.# ##>......#####..##
.#.............#@)..#
...##....##....o..###
#.## #...#...)...##
..# #............#
..####.##........##
......) #.......##
..............###
..............?.#
................#


You could see an orc priest (very poisoned).

Vanquished Creatures
  A hound (D:4)
  An iguana (D:3)
  3 adders
  A worm (D:2)
  2 dart slugs
  2 orcs (D:4)
  3 endoplasms
  2 giant cockroaches (D:1)
  6 goblins
  3 hobgoblins
  4 jackals (D:2)
  4 kobolds
  3 quokkas
  5 ball pythons
  4 frilled lizards
  6 rats
50 creatures vanquished.

Notes
Turn   | Place    | Note
-------+----------+-------------------------------------------
     0 | D:1      | Kaptain the Gargoyle Earth Elementalist began the quest for
                  | the Orb.
     0 | D:1      | Reached XP level 1. HP: 10/10 MP: 3/3
   303 | D:1      | Reached XP level 2. HP: 16/16 MP: 1/5
   724 | D:2      | Reached skill level 1 in Fighting
   880 | D:2      | Reached XP level 3. HP: 16/20 MP: 4/6
   884 | D:2      | Learned a level 3 spell: Stone Arrow
  1311 | D:2      | Reached skill level 1 in Conjurations
  2056 | D:3      | Reached skill level 1 in Armour
  2130 | D:3      | Reached skill level 4 in Earth Magic
  2230 | D:3      | Reached XP level 4. HP: 9/26 MP: 7/7
  3190 | D:4      | Found a staircase to the Ecumenical Temple.
  3208 | D:4      | Reached XP level 5. HP: 25/30 MP: 9/9
  3212 | Temple   | Entered the Ecumenical Temple
  3541 | D:4      | Slain by an orc priest

Illustrated notes

Levels and vault maps discovered:
D:1:      dpeg_arrival_pits, layout_basic
D:2:      minmay_wonky_spiral, layout_basic, minmay_small_reverse_x
D:3:      layout_basic
D:4:      layout_cave_pools, minmay_temple_entry_stoned_glass
Temple:   kilobyte_greek_temple

Skill      XL: |  1  2  3  4 |
---------------+-------------+-----
Fighting       | 1 2 |  2.2
Conjurations   | 1 |  1.8
Armour         | 1 |  1.3
Earth Magic    | 4 |  4.3
Dodging        | |  1.9
Stealth        | |  2.7
Spellcasting   | |  2.6
Transmutations | |  0.7

Action                   |  1- 3 |  4- 6 || total
-------------------------+-------+-------++-------
Melee: Spear             |     8 |       ||     8
       Dagger            |    61 |    47 ||   108
       Staff             |     8 |       ||     8
       Punch             |       |     1 ||     1
 Cast: Sandblast         |    20 |     4 ||    24
 Stab: Sleeping          |     1 |     2 ||     3
Armor: Robe              |    19 |    16 ||    35
Dodge: Dodged            |    51 |    28 ||    79
